Map: Dusk Towers

Players

MiƙeƴMauŞ

  • Race: Protoss Protoss
  • League: Master

Miszu - Winner!

  • Race: Terran Terran
  • League: Grandmaster

VOD

Have the link to the VOD?

Description

Time

  • Played on: May 16, 2016, 4:24 p.m.
  • Length: 11:32
Show
View Real Time Build Order
Export as new Build Order

MiƙeƴMauŞ Protoss 

Build Orders: 1 Gate Expand, Oracle Opening, Zealot Archon 

Get SALT Encoding   

  12  0:01  Probe (Chrono Boost)  
  13  0:11  Probe (Chrono Boost)  
  14  0:18  Pylon  
  14  0:22  Probe (Chrono Boost)  
  15  0:36  Probe (Chrono Boost)  
  15  0:37  Gateway  
  16  0:42  Assimilator  
  16  0:46  Probe (Chrono Boost)  
  18  0:57  Probe (Chrono Boost)  
  18  1:07  Probe (Chrono Boost)  
  19  1:21  Nexus  
  19  1:24  Probe (Chrono Boost)  
  20  1:32  Cybernetics Core  
  20  1:35  Probe (Chrono Boost)  
  21  1:41  Assimilator  
  21  1:45  Probe (Chrono Boost)  
  22  1:49  Pylon  
  22  1:56  Probe (Chrono Boost)  
  23  2:07  Probe (Chrono Boost)  
  24  2:10  Adept (Chrono Boost)  
  24  2:14  Stargate  
  26  2:18  Probe  
  26  2:31  Probe  
  26  2:34  Adept (Chrono Boost)  
  29  2:37  Probe  
  29  2:42  Warp Gate  
  29  2:43  Probe  
  31  2:49  Probe  
  32  2:55  Probe  
  32  2:57  Adept (Chrono Boost), Oracle (Chrono Boost)  
  38  3:01  Probe  
  39  3:07  Probe  
  39  3:11  Probe  
  40  3:15  Pylon  
  40  3:19  Probe  
  42  3:22  Probe  
  43  3:29  Oracle (Chrono Boost)  
  43  3:33  Probe x2, Assimilator  
  47  3:36  Assimilator  
  47  3:37  Pylon  
  48  3:43  Probe  
  48  3:45  Probe  
  50  3:52  Gateway x2  
  50  3:54  Probe  
  50  3:57  Probe  
  52  4:04  Probe  
  52  4:09  Probe  
  54  4:15  Probe  
  55  4:21  Probe, Phoenix (Chrono Boost)  
  58  4:25  Probe  
  58  4:26  Twilight Council  
  58  4:27  Robotics Facility  
  59  4:33  Probe  
  59  4:34  Pylon  
  59  4:36  Probe  
  61  4:45  Probe  
  62  4:51  Probe  
  62  4:52  Phoenix (Chrono Boost)  
  64  4:57  Probe  
  66  5:01  Mothership Core  
  66  5:05  Nexus  
  68  5:09  Pylon, Resonating Glaives (Chrono Boost)  
  68  5:11  Pylon  
  68  5:12  Adept  
  70  5:27  Immortal  
  74  5:29  Gateway  
  74  5:36  Gateway  
  74  5:37  Probe  
  74  5:38  Gateway, Probe  
  74  5:40  Pylon  
  76  5:49  Adept x3  
  82  5:53  Pylon  
  79  5:57  Probe  
  79  5:59  Probe  
  81  6:06  Immortal  
  81  6:09  Templar Archives  
  85  6:12  Gateway  
  85  6:14  Gateway  
  85  6:17  Gateway  
  85  6:19  Probe x2  
  85  6:20  Probe  
  88  6:30  Pylon, Probe  
  88  6:31  Probe  
  90  6:37  Forge  
  90  6:38  Gateway  
  90  6:42  Pylon  
  90  6:43  Adept  
  89  6:48  Adept x2  
  89  6:49  Adept  
  94  6:58  Psionic Storm, Probe  
  94  6:59  Probe  
  94  7:04  Warp Prism, Probe  
  95  7:09  Probe  
  95  7:13  High Templar x2  
  95  7:14  High Templar  
  104  7:25  High Templar x3  
  104  7:26  Adept x2  
  104  7:28  Probe  
  104  7:29  Probe  
  116  7:31  Phoenix  
  111  7:42  Observer  
  103  7:52  Archon  
  103  7:56  Archon  
  103  7:58  Adept  
  103  7:59  Adept x3  
  103  8:00  Probe  
  103  8:02  Probe x2  
  112  8:05  Adept  
  112  8:12  Assimilator  
  114  8:13  Probe  
  114  8:14  Probe  
  114  8:15  Probe  
  114  8:17  Pylon  
  114  8:19  Assimilator  
  117  8:21  Pylon  
  117  8:26  Probe  
  118  8:31  Immortal  
  117  8:38  Adept x2  
  117  8:39  Adept  
  117  8:40  Probe  
  127  8:41  Probe  
  127  8:48  Probe  
  130  8:50  Probe  
  130  8:52  High Templar, Adept x2  
  137  8:56  Gateway  
  137  8:58  Gateway  
  137  8:59  Pylon  
  137  9:00  Pylon  
  137  9:15  High Templar  
  137  9:16  High Templar  
  141  9:21  Adept x3  
  141  9:22  Adept x3  
  150  9:25  Adept  
  126  9:48  Adept x4  
  126  9:49  Adept x4  
  60  11:16  Nexus, Pylon  
Show
View Real Time Build Order
Export as new Build Order

Miszu Terran - Winner!

Build Orders: MMM Bio 

Get SALT Encoding   

  12  0:00  SCV  
  13  0:12  SCV  
  14  0:19  Supply Depot  
  14  0:24  SCV  
  15  0:41  SCV  
  15  0:42  Barracks  
  16  0:53  SCV  
  17  1:05  SCV  
  18  1:14  Command Center  
  18  1:18  SCV  
  19  1:30  Marine, Orbital Command  
  20  1:40  Barracks  
  20  1:50  Marine  
  20  1:54  Barracks  
  21  1:56  SCV  
  22  2:08  SCV  
  23  2:21  Refinery  
  23  2:22  Refinery  
  23  2:26  Marine  
  23  2:28  Marine  
  25  2:33  Supply Depot, SCV, Orbital Command  
  26  2:43  Marine  
  28  2:45  SCV  
  28  2:46  Marine  
  28  2:51  Barracks Tech Lab  
  29  2:58  SCV  
  30  2:59  SCV  
  30  3:01  Marine  
  30  3:04  Marine  
  33  3:09  Stimpack  
  33  3:10  SCV  
  33  3:11  Marine, SCV  
  36  3:19  Marine  
  37  3:22  Marine, SCV  
  37  3:23  SCV  
  40  3:29  Marine  
  42  3:34  SCV  
  42  3:36  SCV  
  42  3:37  Marine  
  42  3:39  Factory  
  42  3:40  Marine  
  45  3:41  Refinery  
  45  3:42  Supply Depot  
  45  3:46  SCV  
  46  4:03  Marine x2  
  46  4:04  SCV  
  46  4:05  SCV  
  46  4:09  Marine  
  49  4:16  SCV  
  48  4:18  SCV  
  48  4:21  Marine  
  50  4:24  Marine  
  50  4:27  Marine  
  50  4:28  SCV  
  50  4:30  SCV  
  54  4:35  Starport  
  54  4:36  Factory Reactor  
  54  4:45  SCV  
  54  4:46  SCV  
  54  4:48  Supply Depot  
  54  4:50  Supply Depot  
  54  4:55  Barracks Reactor, Marine  
  54  4:57  Barracks Reactor, Barracks Tech Lab, SCV  
  54  5:05  Engineering Bay  
  54  5:10  SCV  
  54  5:11  Supply Depot  
  55  5:14  Marauder  
  55  5:16  Marauder  
  55  5:19  SCV  
  60  5:22  SCV  
  60  5:23  Combat Shields  
  60  5:24  Medivac x2  
  60  5:25  Factory Reactor  
  65  5:28  Command Center  
  65  5:31  SCV  
  65  5:34  Supply Depot, SCV  
  67  5:36  Marauder  
  67  5:38  Supply Depot, Terran Infantry Weapons Level 1  
  67  5:40  Marauder  
  67  5:41  Concussive Shells  
  71  5:43  SCV  
  71  5:46  SCV  
  73  5:57  Supply Depot  
  73  5:58  Medivac x2  
  73  6:01  Supply Depot  
  73  6:02  Missile Turret  
  73  6:04  Missile Turret  
  77  6:11  Marine x2, Marauder  
  80  6:12  Widow Mine  
  80  6:13  Widow Mine  
  80  6:17  Marauder  
  87  6:28  Marine  
  87  6:32  Marauder  
  90  6:35  Marine  
  90  6:38  Supply Depot  
  90  6:39  Supply Depot, Marauder  
  93  6:46  Marine  
  94  6:54  Marauder  
  95  6:59  Marine x2  
  96  7:02  Orbital Command  
  96  7:04  Barracks  
  96  7:05  Barracks, SCV x2  
  96  7:06  Supply Depot  
  96  7:08  Refinery, Widow Mine x2  
  98  7:09  Medivac x2  
  98  7:10  Marine  
  98  7:15  Marauder  
  109  7:17  SCV x2  
  109  7:18  Marauder  
  113  7:29  SCV x2  
  115  7:34  Marine  
  115  7:36  Marauder  
  118  7:39  Marauder  
  118  7:42  Marine  
  118  7:53  Barracks Tech Lab  
  118  7:58  Marauder  
  110  8:01  Marauder  
  110  8:03  Marine x2, Widow Mine, Orbital Command  
  110  8:04  Medivac x2  
  118  8:19  Marauder  
  120  8:22  Marauder  
  120  8:26  Marine x3  
  126  8:28  Barracks Reactor  
  126  8:31  SCV x3  
  126  8:33  Terran Infantry Armor Level 1  
  128  8:34  Medivac  
  128  8:35  Medivac  
  128  8:41  Marauder  
  134  8:43  Marine, Marauder  
  134  8:44  Marine, Marauder  
  134  8:47  Widow Mine  
  134  8:48  Widow Mine  
  140  9:01  Marine x2  
  140  9:02  Marauder  
  144  9:03  Refinery x2, Barracks  
  144  9:04  Medivac, Barracks x2  
  144  9:05  Marauder  
  144  9:06  Supply Depot x2  
  144  9:07  Supply Depot  
  148  9:11  Liberator  
  148  9:12  Marine  
  149  9:26  Liberator  
  149  9:27  Marine x2, Widow Mine x2  
  149  9:28  Marauder x3  
  158  9:50  Marauder x2  
  141  10:13  Marauder  
  141  10:14  Marauder  
  127  10:24  Marine x2  
  123  10:34  Marauder  
  121  10:38  Marine, Marauder  
  121  10:42  Marine x2  
  105  10:56  Marine, Marauder  
  107  11:13  Marine  
Tags
 
Add a new tag
Caveats
  • Supply blocks, unpowered buildings, or Contaminate may cause inaccurate times.
  • Supply counts are checked every 10 seconds.